 Dungeon Crawl Stone Soup version 0.28-b1-25-g9875b3fc8c (webtiles) character file.

Game seed: 17057677241825935787

102 crazypyro the Shield-Bearer (level 4, -6/35 HPs)
             Began as a Demonspawn Fighter on Jan 31, 2022.
             Mangled by a gnoll (13 damage)
             ... on level 3 of the Dungeon.
             The game lasted 00:02:58 (2957 turns).

crazypyro the Shield-Bearer (Demonspawn Fighter)    Turns: 2957, Time: 00:02:59

Health: -6/35      AC: 11    Str: 18    XL:     4   Next: 49%
Magic:  4/4        EV:  5    Int: 10    God:
Gold:   117        SH:  8    Dex: 12    Spells: 3/3 levels left

rFire   . . .      SeeInvis .   l - +0 morningstar
rCold   . . .      Faith    .   c - +0 buckler
rNeg    . . .      Spirit   .   k - +0 plate armour
rPois   .          Reflect  .   (no helmet)
rElec   .          Harm     .   (no cloak)
rCorr   .          Rampage  .   (no gloves)
Will    .....                   (no boots)
Stlth   ..........              (no amulet)
HPRegen 0.11/turn               (no ring)
MPRegen 0.09/turn               (no ring)

@: no status effects
A: claws 1, condensation shield
a: no special abilities


You were on level 3 of the Dungeon.
You visited 1 branch of the dungeon, and saw 3 of its levels.

You collected 117 gold pieces.

Inventory:

Hand Weapons
 a - a +1 flail
 l - a +0 morningstar (weapon)
Armour
 c - a +0 buckler (worn)
 k - a +0 plate armour (worn)
 n - the +1 robe of Yloudghi {Rampage}
   (You found it on level 3 of the Dungeon)

   Rampage:   It bestows one free step when moving towards enemies.
Scrolls
 b - a scroll of fog {unknown}
 f - 3 scrolls of teleportation
 h - a scroll of identify
 i - a scroll of summoning {unknown}
Potions
 d - a potion of might
 e - a potion of heal wounds
 g - 2 potions of invisibility {unknown}
 j - a potion of haste {unknown}
 m - a potion of magic {unknown}


   Skills:
 - Level 3.3 Fighting
 * Level 3.2 Maces & Flails
 - Level 3.0 Armour
 + Level 3.4 Shields


You had 3 spell levels left.
You didn't know any spells.
Your spell library contained the following spells:

 Spells                   Type           Power      Damage    Failure   Level
 Tukima's Dance           Hex            0%         N/A       100%        3
 Anguish                  Hex/Necr       0%         N/A       100%        4
 Enfeeble                 Hex            0%         N/A       100%        7


Dungeon Overview and Level Annotations

Branches:
Dungeon (3/15)

Altars:


Innate Abilities, Weirdness & Mutations

You have sharp fingernails.
A meltable shield of frost defends you. (SH +4)


Message History

The endoplasm quivers.
An endoplasm is nearby!
You hit the endoplasm.
You kill the endoplasm!
No target in view!
No target in view!
g - 2 puce potions (gained 1)
Found 12 arrows.
A gnoll comes into view. It is wielding a +0 flail.
A gnoll is nearby!
A gnoll comes into view. It is wielding a +0 whip.
The gnoll shouts! x2; You hear a shout!
A gnoll comes into view. It is wielding a +0 spear.
The gnoll moves out of view.
A gnoll comes into view.
It is wielding a +0 whip of electrocution.
The gnoll shouts!
You thump the gnoll!
The gnoll is almost dead.
The gnoll hits you with a +0 flail. The gnoll hits you but does no damage.
The gnoll hits you with a +0 flail.
You hit the gnoll but do no damage.
The gnoll is almost dead.
You block the gnoll's attack. The gnoll hits you with a +0 flail.
You puncture the gnoll!
You kill the gnoll!
You block the gnoll's attack.
The gnoll hits you from afar with a +0 spear.
The gnoll hits you but does no damage.
Things that are here:
a +0 flail; a gnoll corpse You closely miss the gnoll.
You hit the gnoll but do no damage.
The gnoll hits you but does no damage. x2
You are electrocuted!
You puncture the gnoll!
The gnoll is severely wounded.
The gnoll hits you but does no damage.
The gnoll hits you with a +0 whip of electrocution.
* * * LOW HITPOINT WARNING * * *
You are electrocuted!
You die...

#### # ##... ##
... .. (....#####.
.g# .# #.......#.
#g##.# ##.....#.#.
#g##.###........#.
#@#...#...........
#................#
#.................
#......#.......###
#.#...###..†..##
#.#..#####.†..# ##
..#(....#####.# #.
####.....# #.###.
####..#####.#...


You could see 3 gnolls.

Vanquished Creatures
  A gnoll (D:3)
  An adder (D:2)
  A worm (D:3)
  3 dart slugs (D:1)
  An orc (D:3)
  4 bats
  3 endoplasms
  2 giant cockroaches
  5 goblins
  8 hobgoblins
  15 jackals
  3 kobolds
  3 quokkas (D:1)
  4 ball pythons
  A frilled lizard (D:3)
  8 rats
63 creatures vanquished.

Vanquished Creatures (others)
  3 plants (D:1)
3 creatures vanquished.

Grand Total: 66 creatures vanquished

Notes
Turn   | Place    | Note
-------+----------+-------------------------------------------
     0 | D:1      | crazypyro the Demonspawn Fighter began the quest for the
                  | Orb.
     0 | D:1      | Reached XP level 1. HP: 18/18 MP: 1/1
   228 | D:1      | Gained mutation: A meltable shield of frost defends you.
                  | (SH +4) [demonic ancestry]
   228 | D:1      | Reached XP level 2. HP: 24/24 MP: 2/2
   584 | D:1      | Gained mutation: You have sharp fingernails. [demonic
                  | ancestry]
   584 | D:1      | Reached XP level 3. HP: 29/29 MP: 3/3
  1786 | D:2      | Reached XP level 4. HP: 35/35 MP: 4/4
  2219 | D:3      | HP: 1/35 [frozen (4)]
  2908 | D:3      | Identified the +1 robe of Yloudghi {Rampage}
  2957 | D:3      | Mangled by a gnoll

Illustrated notes

Levels and vault maps discovered:
D:1:      dpeg_arrival_arbitrary_c, layout_loops_ring, serial_bayou_lagoon_b
D:2:      layout_loops_ring, minmay_misc_feat_roman
D:3:      layout_loops_ring

Skill      XL: |  1  2  3  4 |
---------------+-------------+-----
Maces & Flails | 2 3 |  3.2
Shields        | 3 |  3.4
Armour         | 3 |  3.0
Fighting       | |  3.3

Action                   |  1- 3 |  4- 6 || total
-------------------------+-------+-------++-------
Melee: Flail             |   139 |    33 ||   172
       Morningstar       |       |    23 ||    23
  Use: Scroll            |     1 |     2 ||     3
Armor: Scale mail        |    86 |       ||    86
       Chain mail        |     7 |    28 ||    35
       Plate armour      |       |    14 ||    14
Dodge: Dodged            |    81 |    22 ||   103
Block: Buckler           |    83 |    30 ||   113
